Description

Hi This is my all-in protoss vs terran. It simple to win but if tanks will be on battlefiled will be harder. You must create army with stalkers and adapts. Adapts are useful against marines and stalkers useful for any probelms with marauders and liberations. If first and second atack won't be successfull construct twilight counsil and charge for zeloats. Then switch your army to Stalkers and zelots.

Replay - All-in Protoss vs Terran Proxy gate stalker+adapt

Build Order

Get SALT Encoding   

  12  0:00  Probe  
  14  0:17  Pylon  
  14  0:18  Probe  
  14  0:31  Probe  
  15  0:36  Gateway  
  15  0:43  Probe  
  15  0:45  Assimilator  
  16  0:55  Probe  
  17  1:07  Probe  
  18  1:12  Pylon  PROXY PYLON
  18  1:23  Cybernetics Core  
  18  1:24  Probe  
  19  1:31  Gateway  PROXY GATE
  19  1:36  Probe  
  19  1:37  Assimilator  
  20  1:45  Pylon  
  20  1:48  Probe  
  20  1:51  Adept, Warp Gate  
  23  2:04  Probe  
  24  2:17  Adept  
  27  2:41  Gateway x2  
  27  2:48  Stalker  
  29  2:53  Twilight Council  
  29  3:00  Pylon  
  29  3:09  Stalker  
  28  4:00  Stalker x4  
  35  4:24  Stalker x3  
  37  4:49  Adept x4  
  43  5:20  Stalker  
  45  5:54  Pylon  
Spawning Tool Build Advisor. Get it on Overwolf

Analysis

This build order is for low rang players.

Go to:

Details

  • Created by: Okejka
  • Published on: Jan 01, 2019
  • Modified on: Jan 01, 2019
  • Patch: 4.7.1
Show
View Real Time Build Order
Export as new Build Order

Comments (0)

There are no comments. Be the first!

Create an account to comment!